Map: 2000 Atmospheres LE

Players

Krystianer - Winner!

  • Race: Protoss Protoss

GunGFuBanDa

  • Race: Protoss Protoss

Event: DreamHack SC2 Masters 2021 Fall

VOD

Have the link to the VOD?

Description

Time

  • Played on: July 28, 2021, 12:27 p.m.
  • Length: 7:16

All games in this series

Show
View Real Time Build Order
Export as new Build Order

Krystianer Protoss - Winner!

Build Orders:  

Get SALT Encoding   

  12  0:00  Probe  
  13  0:12  Probe  
  14  0:17  Pylon  
  14  0:24  Probe (Chrono Boost)  
  16  0:36  Probe (Chrono Boost)  
  16  0:37  Gateway  
  16  0:44  Probe (Chrono Boost)  
  16  0:46  Assimilator  
  17  0:50  Probe  
  17  0:54  Assimilator  
  18  1:02  Probe (Chrono Boost)  
  19  1:08  Gateway  
  20  1:12  Probe (Chrono Boost)  
  20  1:17  Probe (Chrono Boost)  
  20  1:24  Cybernetics Core  
  21  1:29  Probe  
  22  1:37  Pylon  
  22  1:41  Probe  
  23  1:55  Probe  
  23  1:57  Pylon  
  24  2:03  Adept x2, Warp Gate  
  29  2:17  Robotics Facility  
  28  2:32  Stalker  
  28  2:33  Stalker  
  31  3:01  Immortal (Chrono Boost)  
  35  3:07  Stalker x2  
  35  3:12  Pylon  
  37  3:35  Immortal (Chrono Boost)  
  37  3:50  Gateway  
  35  3:57  Stalker x2  
  39  4:10  Warp Prism  
  39  4:20  Sentry  
  39  4:26  Stalker  
  41  4:42  Pylon  
  42  4:52  Adept x3  
  47  5:00  Probe  
  48  5:15  Immortal (Chrono Boost)  
  48  5:16  Probe  
  53  5:28  Pylon, Adept  
  53  5:47  Immortal  
  57  6:02  Pylon  
  57  6:06  Adept x3  
  63  6:29  Sentry x3  
  69  6:32  Pylon  
  69  7:01  Adept x3  
Show
View Real Time Build Order
Export as new Build Order

GunGFuBanDa Protoss 

Build Orders:  

Get SALT Encoding   

  12  0:00  Probe  
  13  0:12  Probe  
  14  0:17  Pylon  
  14  0:24  Probe (Chrono Boost)  
  16  0:36  Gateway  
  16  0:37  Probe (Chrono Boost)  
  16  0:42  Probe (Chrono Boost)  
  16  0:45  Assimilator  
  17  0:51  Probe  
  17  0:54  Assimilator  
  18  1:03  Probe (Chrono Boost)  
  19  1:08  Gateway  
  19  1:13  Probe (Chrono Boost)  
  19  1:18  Probe (Chrono Boost)  
  20  1:23  Cybernetics Core  
  21  1:30  Probe  
  22  1:35  Pylon  
  22  1:42  Probe  
  23  1:54  Probe  
  23  1:58  Warp Gate (Chrono Boost)  
  23  1:59  Stalker x2  
  28  2:07  Probe  
  29  2:16  Pylon  
  29  2:20  Pylon  
  29  2:30  Stalker  
  29  2:34  Stalker  
  33  2:53  Shield Battery  
  33  3:02  Pylon  
  35  3:10  Nexus  
  33  3:16  Shield Battery  
  33  3:28  Probe  
  32  3:39  Stalker x2  
  32  3:41  Probe  
  37  3:44  Twilight Council  
  35  3:56  Shield Battery  
  35  3:57  Robotics Facility  
  35  4:04  Shield Battery  
  35  4:06  Sentry x2  
  39  4:24  Probe  
  39  4:29  Shield Battery x2  
  39  4:30  Stalker x2  
  39  4:43  Immortal (Chrono Boost)  
  43  4:53  Sentry x2  
  47  5:10  Cybernetics Core  
  47  5:12  Immortal (Chrono Boost)  
  47  5:19  Shield Battery  
  51  5:22  Stalker  
  51  5:26  Adept  
  55  5:41  Warp Prism (Chrono Boost)  
  51  5:57  Probe  
  51  6:00  Stalker  
  51  6:03  Probe  
  55  6:11  Adept  
  55  6:30  Adept  
  55  6:32  Adept  
  59  6:33  Probe  
  52  6:58  Adept x2  

Tags
 
Add a new tag
Caveats
  • Supply blocks, unpowered buildings, or Contaminate may cause inaccurate times.
  • Supply counts are checked every 10 seconds.